 Dungeon Crawl Stone Soup version 0.31-a0-1370-gf52a5a9ab3 (webtiles) character file.

Game seed: 3752469569777383378

134243 Laraso the Shatterer (level 17, -5/172 HPs)
             Began as an Oni Cinder Acolyte on Dec 24, 2023.
             Was a Priest of Ignis.
             Succumbed to an emperor scorpion's poison
             ... on level 2 of the Spider Nest.
             The game lasted 01:17:54 (34704 turns).

Laraso the Shatterer (Oni Cinder Acolyte)          Turns: 34704, Time: 01:17:55

Health: -5/172     AC: 10    Str: 20 (21) XL:     17   Next: 16%
Magic:  22/28      EV: 14    Int: 23      God:    Ignis [***...]
Gold:   533        SH:  0    Dex:  4 (5)  Spells: 6/31 levels left

rFire   + . .        b - +3 giant spiked club
rCold   + . .        (shield currently unavailable)
rNeg    + . .        r - +0 steam dragon scales "Inluzow" {Int+3}
rPois   +            (helmet restricted)
rElec   .            K - +2 ratskin cloak {*Rats rPois rN+ Str-1 Int-1 Dex+1}
rCorr   .            (gloves unavailable)
SInv    +            (boots unavailable)
Will    +....        v - amulet of regeneration
Stlth   +            E - +4 ring of slaying
HPRegen 1.28/turn    y - +5 ring of evasion
MPRegen 0.21/turn

%: no passive effects
@: lethally poisoned (-5 -> -54)
A: large, unfitting armour, horns 1, tough skin 1, double potion healing,
drunken brawling, see invisible, cold resistance 1, sense surroundings 1
a: Renounce Religion, Fiery Armour, Foxfire Swarm


You were on level 2 of the Spider Nest.
You worshipped Ignis.
Ignis was most pleased with you.
You visited 5 branches of the dungeon, and saw 25 of its levels.

You collected 3131 gold pieces.
You spent 2598 gold pieces at shops.

Inventory:

Hand Weapons
 b - a +3 giant spiked club (weapon)
 m - a +0 hand cannon
Missiles
 H - 4 throwing nets
Armour
 g - +0 ice dragon scales
 r - the +0 steam dragon scales "Inluzow" (worn) {Int+3}
   (You bought it in a shop on level 2 of the Orcish Mines)

   Int+3:     It affects your intelligence (+3).
 u - +0 swamp dragon scales
 w - +0 fire dragon scales
 C - +0 steam dragon scales
 K - the +2 ratskin cloak (worn) {*Rats rPois rN+ Str-1 Int-1 Dex+1}
   (You found it on level 9 of the Dungeon)

   *Rats:     When the wearer is hurt, rats may emerge from it to assist them.
   Str-1:     It affects your strength (-1).
   Int-1:     It affects your intelligence (-1).
   Dex+1:     It affects your dexterity (+1).
   rPois:     It protects you from poison rN+: It protects you from negative
   energy.
Jewellery
 q - a ring of protection from cold
 v - an amulet of regeneration (around neck)
 y - a +5 ring of evasion (right hand)
 A - a +6 ring of dexterity
 E - a +4 ring of slaying (left hand)
Wands
 l - a wand of paralysis (14)
 s - a wand of roots (31)
 B - a wand of acid (14)
 D - a wand of polymorph (4)
 I - a wand of mindburst (6)
 J - a wand of flame (37)
Scrolls
 c - 4 scrolls of vulnerability
 e - a scroll of enchant armour
 i - a scroll of revelation
 o - 4 scrolls of immolation
 x - a scroll of fog
 z - a scroll of fear
 F - 8 scrolls of teleportation
 L - a scroll of poison
 P - 3 scrolls of identify
Potions
 a - 2 potions of heal wounds
 d - 5 potions of attraction
 f - 3 potions of haste
 h - 5 potions of curing
 j - 4 potions of lignification
 k - 2 potions of brilliance
 n - 2 potions of enlightenment
 p - 3 potions of magic
 t - a potion of mutation
 G - 2 potions of invisibility
 M - 2 potions of cancellation
 N - a potion of berserk rage


   Skills:
 - Level 12.0 Fighting
 - Level 22.0 Maces & Flails
 - Level 5.0 Armour
 - Level 2.0 Dodging
 * Level 7.9 Spellcasting
 * Level 7.6 Conjurations
 - Level 7.0 Fire Magic
 - Level 7.0 Ice Magic
 - Level 7.0 Air Magic
 - Level 7.0 Alchemy


You had 6 spell levels left.
You knew the following spells:

 Your Spells              Type           Power      Damage    Failure   Level
a - Scorch                Fire           82%        2d8       1%          2
b - Olgreb's Toxic Radia  Alch           41%        N/A       4%          4
c - Mephitic Cloud        Conj/Alch/Air  42%        N/A       1%          3
d - Freezing Cloud        Conj/Ice/Air   21%        6-21      10%         5
f - Fireball              Conj/Fire      21%        3d10      10%         5
s - Swiftness             Air            41%        N/A       1%          3
v - Hailstorm             Conj/Ice       42%        3d9       1%          3

Your spell library contained the following spells:

 Spells                   Type           Power      Damage    Failure   Level
 Sting                    Conj/Alch      100%       1d9       1%          1
 Mercury Vapours          Alch/Air       82%        N/A       1%          2
 Ensorcelled Hibernation  Hex/Ice        50%        N/A       2%          2
 Passwall                 Alch/Erth      20%        N/A       2%          2
 Inner Flame              Hex/Fire       25%        N/A       4%          3
 Apportation              Tloc           18%        N/A       7%          1
 Necrotise                Necr           36%        1d5       7%          1
 Summon Small Mammal      Summ           36%        N/A       7%          1
 Iskenderun's Battlesphe  Conj           44%        2d10      9%          5
 Irradiate                Conj/Alch      21%        3d18      10%         5
 Brom's Barrelling Bould  Conj/Erth      26%        2d5       14%         4
 Summon Ice Beast         Ice/Summ       25%        N/A       17%         4
 Fugue of the Fallen      Necr           9%         N/A       22%         3
 Gell's Gravitas          Tloc           9%         N/A       22%         3
 Teleport Other           Tloc           9%         N/A       22%         3
 Conjure Ball Lightning   Conj/Air       21%        3x3d6     47%         6
 Anguish                  Hex/Necr       4%         N/A       56%         4
 Simulacrum               Ice/Necr       12%        N/A       95%         6
 Dispersal                Tloc           4%         N/A       100%        6
 Orb of Destruction       Conj           22%        9d8       95%         7
 Ignition                 Fire           20%        3d7       100%        8


Dungeon Overview and Level Annotations

Branches:
Dungeon (15/15)            Temple (0/1) D:5            Lair (5/5) D:9
  Swamp (1/4) Lair:3       Spider (2/4) Lair:3        Slime (0/5) Lair:5
    Orc (2/2) D:12            Elf (0/3) Orc:2        Vaults (0/5) D:14
 Depths (0/4) D:15

Altars:
Ashenzari
Cheibriados
Elyvilon
Fedhas
Gozag
Kikubaaqudgha
Makhleb
Nemelex Xobeh
Qazlal
Sif Muna
Trog
Uskayaw
Vehumet
Wu Jian
Xom
Yredelemnul
The Shining One

Shops:
D:2 *   Orc:2 :*[

Annotations:
Lair:2 exclusion: oklob plant
Lair:4 1 runed translucent door, ShellytheWitch's ghost, journeyman KoBr
Spider:1 2 transporters, grandjackal's ghost, adept DrGl
Orc:1 2 transporters, Elol's ghost, journeyman DrRe


Innate Abilities, Weirdness & Mutations

You are too large for most types of armour.
You have a pair of small horns on your head.
You have tough skin. (AC +1)
You gain doubled healing and magic from potions.
Whenever you drink a healing potion, you attack all around you.
You have supernaturally acute eyesight. (SInv)
Your flesh is cold resistant. (rC+)
You passively map a small area around you.


Message History

The emperor scorpion stings you. The emperor scorpion claws you.
The emperor scorpion barely misses you.
You hit the emperor scorpion but do no damage.
The emperor scorpion is heavily wounded.
The emperor scorpion is engulfed in freezing vapours.
The emperor scorpion stings you!!
The emperor scorpion claws you but does no damage. x2
The emperor scorpion stings you!
A hell rat scurries out from under your cloak.
You are poisoned.
The emperor scorpion poisons you!
The emperor scorpion claws you but does no damage.
The emperor scorpion barely misses you.
The torpor snail is engulfed in freezing vapours.
The emperor scorpion is engulfed in freezing vapours.
The emperor scorpion stings you!
You are lethally poisoned!
The emperor scorpion poisons you! The emperor scorpion barely misses you.
The emperor scorpion misses you.
You closely miss the emperor scorpion.
The emperor scorpion is heavily wounded.
* * * LOW HITPOINT WARNING * * *
You feel extremely sick.
The emperor scorpion is engulfed in freezing vapours.
The emperor scorpion stings you!!
* * * LOW HITPOINT WARNING * * *
The emperor scorpion claws you.
* * * LOW HITPOINT WARNING * * *
The emperor scorpion closely misses you.
The emperor scorpion is engulfed in freezing vapours.
The emperor scorpion stings you!
* * * LOW HITPOINT WARNING * * *
The emperor scorpion completely misses you.
The emperor scorpion closely misses you.
The torpor snail is engulfed in freezing vapours.
Blink to where?
Press: ? - help, Dir - move target, p - emperor scorpion
As you read the scroll of blinking, it crumbles to dust.
You feel yourself speed up.
You die...

** **, ,, ,, , * *, ... *
**.... , ######## #...# ,
##...#..####....# ,
#........#^#....##.. ...
#..##.##.@.......# .###...
##...###..........# .......
#.....#...........###.....#
#^....#...).........#.....#
#.....##............#.^....
##.#..##...^.....†..##.....
###...####......○wr§......
##...######...§ss§.>....
###.....# #...#####§......


There were no monsters in sight!

Vanquished Creatures
  Jorgrun (D:11)
  Kirke (D:12)
  A ghost moth (Spider:2)
  Louise (D:14)
  An eleionoma (Lair:3)
  Nessos (D:13)
  Snorg (D:13)
  2 fire dragons
  2 ice dragons
  Erolcha (D:13)
  A rakshasa (D:15)
  A vault guard (D:14)
  7 ogre magi
  7 hydras
  2 radroaches
  2 death knights
  5 centaur warriors
  5 boulder beetles
  2 catoblepae
  13 two-headed ogres
  A death yak (Lair:4)
  A tengu warrior (D:14)
  3 demonic crawlers
  A fire crab (shapeshifter) (D:15)
  3 skeletal warriors (D:14)
  A skyshark (Lair:5)
  3 orb spiders
  3 steelbarb worms
  2 phantasmal warriors (D:14)
  A swamp dragon (Lair:5)
  2 lindwurms (Lair:5)
  Lodul (D:12)
  An arcanist (D:15)
  18 ugly things
  9 orc knights (Orc:2)
  7 wolf spiders
  3 deep elf pyromancers
  6 orc sorcerers (Orc:1)
  An oklob plant (Lair:5)
  A manticore (D:15)
  2 cyclopes
  Maurice (D:8)
  2 kobold blastminers (Orc:1)
  18 elephants
  Maggie (D:7)
  7 torpor snails
  13 cane toads
  2 black mambas (Lair:4)
  2 kobold demonologists
  3 gargoyles
  An unseen horror (D:10)
  2 rime drakes (Lair:1)
  15 komodo dragons
  6 trolls
  A polar bear (Lair:4)
  13 tarantellas
  30 blink frogs
  Grinder (D:5)
  13 hornets
  4 tyrant leeches
  6 dream sheep (Lair:5)
  11 slime creatures
  11 culicivoras
  A vampire (D:12)
  12 jumping spiders
  70 yaks
  5 wraiths
  A wyvern (D:9)
  8 wargs (Orc:2)
  4 hogs (D:12)
  3 water elementals (D:15)
  A human (D:12)
  9 basilisks
  18 redbacks
  A steam dragon (Lair:5)
  A redback simulacrum (D:15)
  6 acid dragons
  10 water moccasins
  An ice beast (D:6)
  21 orc warriors
  2 swamp drakes (Lair:5)
  2 sky beasts
  4 black bears
  18 ogres
  10 wolves
  6 centaurs
  A phantom (D:5)
  4 kobold brigands
  14 bullfrogs
  A gnoll sergeant (D:10)
  4 scorpions
  4 wights (D:7)
  2 electric eels
  3 howler monkeys
  2 jellies
  10 orc priests
  A gnoll bouda (D:9)
  A sleepcap (D:7)
  An iguana (shapeshifter) (D:15)
  5 iguanas
  22 orc wizards
  2 hell rats (Lair:5)
  10 gnolls
  9 river rats
  6 adders
  3 shadow imps
  2 bombardier beetles (D:3)
  A white imp (D:7)
  A worm (D:3)
  2 dart slugs
  80 orcs
  2 bats
  6 endoplasms
  2 giant cockroaches (D:1)
  5 hobgoblins
  7 jackals
  24 kobolds
  2 quokkas
  3 ball pythons
  7 goblins
  3 rats
756 creatures vanquished.

Vanquished Creatures (collateral kills)
  An orb spider (Spider:2)
  A scorpion (D:9)
2 creatures vanquished.

Vanquished Creatures (others)
  An iguana (Lair:5)
1 creature vanquished.

Grand Total: 759 creatures vanquished

Notes
Turn   | Place    | Note
-------+----------+-------------------------------------------
     0 | D:1      | Laraso the Oni Cinder Acolyte began the quest for the Orb.
     0 | D:1      | Reached XP level 1. HP: 24/24 MP: 2/2
   141 | D:1      | Reached XP level 2. HP: 31/32 MP: 2/4
   300 | D:1      | Found a faded altar of an unknown god.
   387 | D:1      | Learned a level 2 spell: Scorch
   847 | D:2      | Reached XP level 3. HP: 27/39 MP: 5/5
   971 | D:2      | Found a hide-covered altar of Uskayaw.
  1115 | D:2      | Reached skill level 4 in Maces & Flails
  1247 | D:2      | Found Zeenuuc's General Store.
  1256 | D:2      | Reached XP level 4. HP: 48/48 MP: 0/7
  1926 | D:3      | Learned a level 3 spell: Mephitic Cloud
  2033 | D:3      | Reached XP level 5. HP: 48/54 MP: 9/9
  2402 | D:4      | Noticed an ogre
  2409 | D:4      | Killed an ogre
  2410 | D:4      | Reached skill level 5 in Maces & Flails
  2410 | D:4      | Reached skill level 1 in Conjurations
  2410 | D:4      | Reached skill level 1 in Air Magic
  2410 | D:4      | Reached skill level 1 in Alchemy
  2410 | D:4      | Reached XP level 6. HP: 62/62 MP: 1/10
  2587 | D:5      | Entered Level 5 of the Dungeon
  2587 | D:5      | Noticed a black bear
  2601 | D:5      | Killed a black bear
  2993 | D:4      | Reached XP level 7. HP: 60/70 MP: 2/11
  3518 | D:5      | Reached skill level 6 in Maces & Flails
  3636 | D:5      | Found a staircase to the Ecumenical Temple.
  3735 | D:5      | Noticed Grinder
  3750 | D:5      | Killed Grinder
  4125 | D:5      | Found an opulent altar of Gozag.
  4187 | D:5      | Found a bloodstained altar of Trog.
  4355 | D:5      | Reached XP level 8. HP: 78/78 MP: 7/12
  4799 | D:6      | Reached skill level 7 in Maces & Flails
  5143 | D:6      | Reached skill level 8 in Maces & Flails
  5840 | D:7      | Reached skill level 9 in Maces & Flails
  5960 | D:7      | Reached XP level 9. HP: 84/84 MP: 10/13
  6089 | D:7      | Found a sparkling altar of Nemelex Xobeh.
  6102 | D:7      | Noticed Maggie
  6125 | D:7      | HP: 4/84 [Maggie/+1 glaive of flaming (4)]
  6126 | D:7      | Killed Maggie
  6127 | D:7      | Reached skill level 10 in Maces & Flails
  7079 | D:7      | Found a glowing golden altar of the Shining One.
  7163 | D:7      | Reached skill level 11 in Maces & Flails
  7417 | D:8      | Found a radiant altar of Vehumet.
  7517 | D:8      | Noticed Maurice
  7519 | D:8      | Maurice stole a +0 giant spiked club
  7520 | D:8      | Maurice stole 295 gold
  7531 | D:8      | Maurice stole 94 gold
  7544 | D:8      | Killed Maurice
  7642 | D:8      | Found a burning altar of Makhleb.
  7740 | D:8      | Reached skill level 12 in Maces & Flails
  7891 | D:8      | Found a stormy altar of Qazlal.
  8372 | D:9      | Noticed a hornet
  8379 | D:9      | Reached XP level 10. HP: 85/92 MP: 10/14
  8407 | D:9      | Noticed a kobold demonologist
  8538 | D:9      | Noticed an elephant
  8554 | D:9      | Paralysed by a hornet for 1 turns
  8588 | D:10     | Entered Level 10 of the Dungeon
  8720 | D:9      | Killed a kobold demonologist
  8725 | D:9      | Noticed an elephant
  8731 | D:9      | Reached skill level 13 in Maces & Flails
  8875 | D:9      | Killed an elephant
  9118 | D:9      | Killed an elephant
  9211 | D:9      | Learned a level 5 spell: Freezing Cloud
  9284 | D:9      | Reached skill level 14 in Maces & Flails
  9290 | D:9      | Reached skill level 1 in Ice Magic
  9479 | D:9      | Found a staircase to the Lair.
  9579 | D:9      | Noticed a two-headed ogre
  9595 | D:9      | Killed a two-headed ogre
  9596 | D:9      | Reached XP level 11. HP: 51/100 MP: 1/15
  9942 | D:9      | Found the +2 ratskin cloak {*Rats rPois rN+ Str-1 Int-1
                  | Dex+1}
 10117 | D:9      | Found an ancient bone altar of Kikubaaqudgha.
 10119 | D:9      | Found a blossoming altar of Fedhas.
 10213 | Lair:1   | Entered Level 1 of the Lair of Beasts
 10488 | D:10     | Found a snail-covered altar of Cheibriados.
 10488 | D:10     | Found a shimmering blue altar of Sif Muna.
 10490 | D:10     | Found a broken altar of Ashenzari.
 11307 | D:10     | Found a basalt altar of Yredelemnul.
 11308 | D:10     | Found a white marble altar of Elyvilon.
 11309 | D:10     | Found an ornate altar of the Wu Jian Council.
 11596 | D:11     | Reached skill level 5 in Conjurations
 11598 | D:11     | Reached skill level 5 in Air Magic
 11717 | D:11     | Noticed a two-headed ogre
 11726 | D:11     | Noticed a cyclops
 11728 | D:11     | Killed a two-headed ogre
 12193 | D:11     | Killed a cyclops
 12616 | Lair:1   | Reached skill level 15 in Maces & Flails
 12644 | Lair:2   | Reached XP level 12. HP: 45/107 MP: 2/16
 13877 | Lair:2   | Learned a level 4 spell: Olgreb's Toxic Radiance
 14197 | Lair:2   | Reached skill level 5 in Ice Magic
 14306 | Lair:2   | Noticed a six-headed hydra
 14316 | Lair:2   | Killed a six-headed hydra
 14386 | Lair:2   | Noticed a catoblepas
 14400 | Lair:2   | Killed a catoblepas
 14754 | Lair:2   | Found a blossoming altar of Fedhas.
 14788 | Lair:2   | Reached skill level 16 in Maces & Flails
 14998 | Lair:2   | Noticed a seven-headed hydra
 15003 | Lair:2   | Killed a seven-headed hydra
 15004 | Lair:2   | Reached skill level 5 in Alchemy
 15559 | Lair:3   | Reached XP level 13. HP: 85/114 MP: 17/17
 15607 | Lair:3   | Found a staircase to the Swamp.
 15607 | Lair:3   | Noticed an eleionoma
 15622 | Lair:3   | Killed an eleionoma
 15858 | Lair:3   | Found a hole to the Spider Nest.
 16494 | Lair:3   | Found a blossoming altar of Fedhas.
 17156 | Lair:4   | Reached skill level 17 in Maces & Flails
 17415 | Lair:4   | You fall into a shaft and drop 1 floor!
 17415 | Lair:5   | Entered Level 5 of the Lair of Beasts
 17469 | Lair:5   | Noticed an ice dragon
 17867 | Lair:4   | Found a runed translucent door.
 18240 | Lair:4   | Noticed ShellytheWitch's ghost (journeyman KoBr)
 18424 | Lair:5   | Reached skill level 18 in Maces & Flails
 18794 | Lair:4   | Learned a level 3 spell: Hailstorm
 19148 | Lair:5   | Reached XP level 14. HP: 11/123 MP: 12/18
 19550 | Lair:5   | Reached skill level 19 in Maces & Flails
 19629 | Lair:5   | Found a staircase to the Slime Pits.
 20318 | Lair:5   | Paralysed by a hornet for 1 turns
 20340 | Lair:5   | Reached skill level 20 in Maces & Flails
 21637 | Lair:5   | Gained mutation: You have supernaturally acute eyesight.
                  | (SInv) [potion of mutation]
 21637 | Lair:5   | Gained mutation: Armour fits poorly on your strangely
                  | shaped body. [potion of mutation]
 21637 | Lair:5   | Gained mutation: Your flesh is cold resistant. (rC+)
                  | [potion of mutation]
 21637 | Lair:5   | Gained mutation: You have a pair of horns on your head.
                  | [potion of mutation]
 21656 | Lair:5   | Lost mutation: Armour fits poorly on your strangely shaped
                  | body. [potion of mutation]
 21656 | Lair:5   | Lost mutation: You have a pair of horns on your head.
                  | [potion of mutation]
 21656 | Lair:5   | Lost mutation: Your flesh is cold resistant. (rC+) [potion
                  | of mutation]
 21656 | Lair:5   | Gained mutation: Your flesh is cold resistant. (rC+)
                  | [potion of mutation]
 21656 | Lair:5   | Gained mutation: You passively map a small area around you.
                  | [potion of mutation]
 22437 | D:12     | Noticed Jorgrun
 22500 | D:11     | Killed Jorgrun
 22752 | D:12     | Reached skill level 21 in Maces & Flails
 22926 | D:12     | Found a shimmering altar of Xom.
 22927 | D:12     | Found a shimmering altar of Xom.
 22927 | D:12     | Found a shimmering altar of Xom.
 22928 | D:12     | Found a shimmering altar of Xom.
 22928 | D:12     | Found a shimmering altar of Xom.
 22972 | D:12     | Reached XP level 15. HP: 122/130 MP: 14/19
 23005 | D:12     | Noticed Lodul
 23015 | D:12     | Killed Lodul
 23162 | D:12     | Noticed Kirke
 23171 | D:12     | Killed Kirke
 23721 | D:12     | Found a staircase to the Orcish Mines.
 23895 | D:13     | Found an opulent altar of Gozag.
 23897 | D:13     | Noticed Snorg
 23914 | D:13     | Killed Snorg
 23965 | D:13     | Noticed Nessos
 23973 | D:13     | Killed Nessos
 24132 | D:13     | Noticed Erolcha
 24275 | D:13     | Killed Erolcha
 24459 | D:13     | Reached skill level 22 in Maces & Flails
 24702 | Orc:1    | Entered Level 1 of the Orcish Mines
 24745 | Orc:1    | Reached skill level 1 in Armour
 24750 | Orc:1    | Reached skill level 1 in Dodging
 24854 | Orc:1    | Found a transporter.
 24857 | Orc:1    | Noticed Elol's ghost (journeyman DrRe)
 24887 | Orc:1    | Found a transporter.
 25187 | Orc:1    | Reached skill level 5 in Fighting
 25368 | Orc:2    | Entered Level 2 of the Orcish Mines
 25720 | Orc:2    | HP: 5/136 [warg (15)]
 26527 | Orc:2    | Found Roeff's Assorted Antiques.
 26609 | Orc:2    | Found Coq Geuv's Antique Armour Shoppe.
 26736 | Orc:2    | Bought a scroll labelled UTTOZ POVVYWN for 20 gold pieces
 26948 | Orc:2    | Found Ceux's Book Shoppe.
 26974 | Orc:2    | Reached skill level 5 in Armour
 27089 | Orc:2    | Found a staircase to the Elven Halls.
 27266 | Orc:2    | Reached XP level 16. HP: 136/156 MP: 20/20
 27371 | Orc:2    | Bought ancient steam dragon scales for 1710 gold pieces
 27371 | Orc:2    | Identified the +0 steam dragon scales "Inluzow" {Int+3}
                  | (You bought it in a shop on level 2 of the Orcish Mines)
 27385 | Orc:2    | Learned a level 3 spell: Swiftness
 27496 | Orc:2    | Bought 2 potions of heal wounds for 200 gold pieces
 27496 | Orc:2    | Bought a potion of curing for 60 gold pieces
 27638 | D:14     | Noticed Louise
 27648 | D:14     | Killed Louise
 27962 | D:14     | Reached skill level 10 in Fighting
 28201 | D:14     | Found a glowing golden altar of the Shining One.
 29048 | D:14     | Found a gate to the Vaults.
 29340 | D:15     | Entered Level 15 of the Dungeon
 29348 | D:15     | Reached skill level 5 in Spellcasting
 29601 | D:15     | Learned a level 5 spell: Fireball
 29835 | D:15     | Found a snail-covered altar of Cheibriados.
 30301 | D:15     | Reached skill level 5 in Fire Magic
 30703 | D:15     | Found a staircase to the Depths.
 30985 | Orc:2    | Bought a book of Spontaneous Combustion for 608 gold pieces
 32060 | Swamp:1  | Entered Level 1 of the Swamp
 32108 | Spider:1 | Entered Level 1 of the Spider Nest
 33152 | Spider:1 | Found a transporter.
 33422 | Spider:1 | Found a transporter.
 33423 | Spider:1 | Noticed grandjackal's ghost (adept DrGl)
 34072 | Spider:2 | Reached XP level 17. HP: 134/172 MP: 19/27
 34704 | Spider:2 | Succumbed to an emperor scorpion's poison

Illustrated notes

Levels and vault maps discovered:
D:1:      elethiomel_arrival_shortcut, layout_loops_ring,
          ebering_ecumenical_altar_webs, chequers_mini_garden
D:2:      layout_rooms, basic_altar, serial_shops, shop_statue,
          grunt_ministairs_5
D:3:      layout_rooms
D:4:      layout_basic, serial_rivers, chequers_serial_rivers_small_3,
          chequers_serial_rivers_micro_a, chequers_serial_rivers_small_3,
          chequers_serial_rivers_large_a, chequers_serial_rivers_micro_c
D:5:      layout_cave_pods, mainiacjoe_overflow_24_doors,
          lemuel_coloured_pillars_altar, minmay_temple_entry_arrows,
          hangedman_decor_opposing, uniq_grinder
D:6:      layout_loops_cross
D:7:      layout_rooms, general_overflow_altar, nicolae_tso_swordbearing_angel,
          serial_bayou, serial_bayou_pond_c, serial_bayou_shore_b,
          serial_bayou_crossing, serial_bayou_shore_a, uniq_maggie
D:8:      layout_basic, mainiacjoe_overflow_alcove_2, grunt_qazlal_clouds,
          mainiacjoe_overflow_concentric_impassable, st_stairs_12,
          hangedman_abyss_or_decor_stagger, uniq_maurice
D:9:      layout_loops_ring, grunt_temple_overflow_growth_and_decay,
          grunt_lair_entry_orc_guard_hut, kennysheep_another_room,
          kennysheep_cross_room
D:10:     layout_stronghold, minitemple, ldierk_geyser
D:11:     layout_cave_pods
D:12:     layout_loops_ring, david_orc_4, xom_redecorated, uniq_lodul,
          uniq_jorgrun, uniq_kirke
D:13:     layout_basic, minmay_curled_crystal, minmay_misc_feat_chi,
          nicolae_gozag_seed_capital, uniq_erolcha, uniq_nessos, uniq_snorg
D:14:     layout_basic, david_vaults_5, basic_altar,
          serial_library_hellmonk_hallway_b, due_unseen_surprise, uniq_louise
D:15:     grunt_enter_depths_hoard, layout_small_grid, cheibriados_altar_1,
          water_maze_lemuel
Lair:1:   layout_hall_layers, portal_ice_cave_rime, minmay_hedge_maze,
          pdpol_lair_neglected_garden
Lair:2:   layout_regular_city, tgw_fedhas
Lair:3:   layout_loops_ring, alex1729_swamp_entry_worm_eleionoma,
          spider_nest_entry_webs, basic_altar
Lair:4:   layout_layer_cave, ebering_ghost_reflecting_pool,
          nicolae_lair_yak_garden, infiniplex_staircase_pool
Lair:5:   wormcave, layout_cave_pods, guppyfry_lair_end_dragon,
          minmay_slime_entry_oklob_enclosed, kennysheep_rathole
Swamp:1:  layout_basic_swamp, evilmike_swamp_ruin_house_6
Spider:1: layout_chambers, gammafunk_ghost_mausoleum, spiders_nest_hornet_nest
Spider:2: layout_spider_delve
Orc:1:    hellmonk_paralyzer, layout_caves, gammafunk_ghost_berserking_beasts,
          mines1_david
Orc:2:    st_orc_town, layout_caves

Skill      XL: |  1  2  3  4  5  6  7  8  9 10 11 12 13 14 15 16 17 |
---------------+----------------------------------------------------+-----
Fire Magic     | 3 7 |  7.0
Spellcasting   | 2 3 7 |  7.9
Maces & Flails | 4 5 6 9 12 14 15 16 18 21 22 | 22.0
Conjurations   | 1 2 3 6 7 |  7.6
Air Magic      | 1 2 3 6 7 |  7.0
Alchemy        | 1 2 3 5 6 7 |  7.0
Ice Magic      | 2 4 5 7 |  7.0
Armour         | 5 |  5.0
Dodging        | 2 |  2.0
Fighting       | 9 12 | 12.0

Action                     |  1- 3 |  4- 6 |  7- 9 | 10-12 | 13-15 | 16-18 || total
---------------------------+-------+-------+-------+-------+-------+-------++-------
  Melee: Flail             |    48 |    54 |   197 |   144 |       |       ||   443
         Mace              |     6 |       |       |       |       |       ||     6
         Headbutt          |     8 |     9 |    25 |    83 |   145 |    72 ||   342
         Giant spiked club |       |       |       |   333 |   806 |   303 ||  1442
   Cast: Scorch            |    15 |    41 |    90 |    57 |       |       ||   203
         Mephitic Cloud    |       |     1 |     6 |    50 |    24 |     3 ||    84
         Olgreb's Toxic Ra |       |       |       |     7 |    32 |    39 ||    78
         Freezing Cloud    |       |       |       |     4 |    54 |    28 ||    86
         Hailstorm         |       |       |       |       |     3 |     2 ||     5
         Fireball          |       |       |       |       |       |    16 ||    16
         Swiftness         |       |       |       |       |       |     3 ||     3
 Invoke: Fiery Armour      |       |       |       |     2 |     4 |       ||     6
         Rising Flame      |       |       |       |       |     1 |       ||     1
  Evoke: Wand              |       |       |     2 |       |     1 |       ||     3
    Use: Scroll            |     5 |     1 |     1 |     8 |    13 |     3 ||    31
         Potion            |       |       |       |     2 |    24 |     4 ||    30
   Stab: Confused          |       |       |     1 |    21 |     8 |       ||    30
         Invisible         |       |       |       |       |     2 |       ||     2
 Armour: Robe              |    48 |    70 |    78 |       |       |       ||   196
         Steam dragon scal |       |       |    93 |   399 |   586 |   334 ||  1412
         Ice dragon scales |       |       |       |       |    20 |       ||    20
  Dodge: Dodged            |    29 |    42 |   133 |   328 |   473 |   196 ||  1201

Table legend: (Time is in decaauts)
 A = Elapsed time spent in this place.
 B = Non-inter-level travel time spent in this place.
 C = Inter-level travel time spent in this place.
 D = Time resting spent in this place.
 E = Time spent auto-exploring this place.
 F = Levels seen in this place.
 G = Mean time per level.
                   A        B        C        D        E       F      G
               +--------+--------+--------+--------+--------+-----+--------+
         Total |  34573 |  32198 |   2375 |   8573 |  16792 |  25 | 1382.9 |
       Dungeon |  19138 |  17611 |   1527 |   4012 |  10521 |  15 | 1275.9 |
          Lair |  10054 |   9369 |    685 |   2800 |   4382 |   5 | 2010.8 |
         Swamp |     10 |     10 |      0 |      0 |      0 |   1 |   10.0 |
   Spider Nest |   2562 |   2545 |     17 |    958 |   1046 |   2 | 1281.0 |
  Orcish Mines |   2807 |   2664 |    143 |    803 |    843 |   2 | 1403.5 |
               +--------+--------+--------+--------+--------+-----+--------+

Top non-repeatable levels by time:
  Lair:5: 3478 daAuts
     D:9: 2230 daAuts
   Orc:2: 2148 daAuts
  Lair:4: 2106 daAuts
  Lair:2: 2037 daAuts
Spider:1: 1896 daAuts
    D:14: 1687 daAuts
    D:15: 1684 daAuts
     D:5: 1566 daAuts
     D:7: 1535 daAuts
    D:12: 1532 daAuts
  Lair:3: 1345 daAuts
    D:10: 1338 daAuts
    D:11: 1172 daAuts
    D:13: 1112 daAuts
